 Dungeon Crawl Stone Soup version 0.20.1-1-g8b1a95d66d (webtiles) character file.

163 Zepp the Covered (level 5, -1/41 HPs)
             Began as a Human Fighter on Dec 1, 2017.
             Slain by a sky beast (5 damage)
             ... on level 3 of the Dungeon on Dec 2, 2017.
             The game lasted 00:09:01 (2853 turns).

Zepp the Covered (Human Fighter)                    Turns: 2853, Time: 00:09:02

Health: -1/41      AC:  8    Str: 17    XL:     5   Next: 72%
Magic:  5/5        EV:  7    Int:  8    God:
Gold:   82         SH:  9    Dex: 13    Spells: 4/4 levels left

rFire    + . .     SeeInvis .   a - +0 war axe
rCold    x . .     Gourm    .   c - +0 shield
rNeg     . . .     Faith    .   b - +0 scale mail
rPois    .         Spirit   .   (no helmet)
rElec    .         Reflect  .   (no cloak)
rCorr    .         Harm     .   u - +0 pair of gloves
MR       .....                  (no boots)
Stlth    ..........             (no amulet)
Regen    0.2/turn               l - ring of fire
MPRegen  0.1/turn               (no ring)

@: no status effects
A: no striking features
a: no special abilities


You were on level 3 of the Dungeon.
You were not hungry.

You visited 1 branch of the dungeon, and saw 3 of its levels.

You collected 82 gold pieces.

Inventory:

Hand Weapons
 a - a +0 war axe (weapon)
Armour
 b - a +0 scale mail (worn)
 c - a +0 shield (worn)
 u - a +0 pair of gloves (worn)
Jewellery
 l - a ring of fire (left hand)
Scrolls
 e - a scroll of recharging {unknown}
 i - 3 scrolls of amnesia {unknown}
 k - 6 scrolls of identify {unknown}
 r - 2 scrolls of teleportation {unknown}
 s - 2 scrolls of immolation {unknown}
 v - a scroll of enchant weapon {unknown}
 w - a scroll of remove curse {unknown}
 x - a scroll of fog {unknown}
Potions
 d - a potion of might
 g - 3 potions of lignification {unknown}
 h - a potion of haste {unknown}
 m - 2 potions of berserk rage {unknown}
 q - a potion of heal wounds {unknown}
 t - 4 potions of curing {unknown}
Comestibles
 f - 5 bread rations
 j - 2 royal jellies
 n - 2 fruits
 o - 6 chunks of flesh
 p - 2 meat rations


   Skills:
 + Level 3.4 Fighting
 + Level 3.3 Axes
 + Level 4.0 Armour
 + Level 0.4 Dodging
 + Level 0.9 Stealth
 + Level 3.9 Shields


You had 4 spell levels left.
You didn't know any spells.

Dungeon Overview and Level Annotations

Branches:
Dungeon (3/15)

Altars:
Fedhas
Kikubaaqudgha
Ru
Uskayaw


Message History

The sky beast hits you. The sky beast shocks you.
You hit the sky beast.
The sky beast is severely wounded.
You block the sky beast's attack.
You hit the sky beast but do no damage.
The sky beast is severely wounded.
The sky beast flickers out of sight!
Deactivating autopickup; reactivate with Ctrl-A.
Something hits you. Something shocks you.
* * * LOW HITPOINT WARNING * * *
You closely miss something.
Something hits you but does no damage. x2
You miss something. You block something's attack.
You miss something. Something hits you but does no damage. Something hits you.
* * * LOW HITPOINT WARNING * * *
Something shocks you.
* * * LOW HITPOINT WARNING * * *
You barely miss something. Something hits you.
* * * LOW HITPOINT WARNING * * *
Something shocks you.
You die...

#####
#############...####
#...............#...
#.####..#####...#.##
#.####..# ##.##.##
#.#....#.# #......
#.#J##..## ####.##
#.#{##.# #.##
#..@...# #...
###.#### #### #.# #
#.# # ### #.. #
##_## ### # #.#.## #
...#.# #. # .#...#
##. #.# #


You could see an ooze.

Vanquished Creatures
  An orc wizard (D:2)
  8 adders
  A worm (D:2)
  4 dart slugs
  A leopard gecko (D:1)
  An orc (D:3)
  4 bats
  5 giant cockroaches
  8 hobgoblins
  3 quokkas (D:2)
  4 frilled lizards
  5 goblins
  6 kobolds
  9 rats
60 creatures vanquished.

Vanquished Creatures (others)
  A frilled lizard (D:3)
1 creature vanquished.

Grand Total: 61 creatures vanquished

Notes
Turn   | Place    | Note
-------+----------+-------------------------------------------
     0 | D:1      | Zepp the Human Fighter began the quest for the Orb.
     0 | D:1      | Reached XP level 1. HP: 18/18 MP: 1/1
   113 | D:1      | Reached XP level 2. HP: 19/24 MP: 2/2
  1112 | D:1      | Reached XP level 3. HP: 29/29 MP: 3/3
  1170 | D:2      | Found an ancient bone altar of Kikubaaqudgha.
  1174 | D:2      | Found a blossoming altar of Fedhas.
  1372 | D:2      | Reached XP level 4. HP: 29/35 MP: 4/4
  1702 | D:2      | Found a sacrificial altar of Ru.
  1707 | D:2      | Reached XP level 5. HP: 41/41 MP: 5/5
  2290 | D:3      | Found a hide-covered altar of Uskayaw.
  2469 | D:3      | Reached skill level 4 in Armour
  2833 | D:3      | Noticed a sky beast
  2853 | D:3      | Slain by a sky beast

Skill      XL: |  1  2  3  4  5 |
---------------+----------------+-----
Axes           | 3 |  3.3
Armour         | 4 |  4.0
Fighting       | |  3.4
Dodging        | |  0.4
Stealth        | |  0.9
Shields        | |  3.9

Action                   |  1- 3 |  4- 6 || total
-------------------------+-------+-------++-------
Melee: War axe           |   112 |   136 ||   248
 Stab: Invisible         |       |     1 ||     1
       Paralysed         |       |     1 ||     1
  Eat: Chunk             |     2 |     5 ||     7
Armor: Scale mail        |    68 |    64 ||   132
Dodge: Dodged            |    30 |    40 ||    70
Block: Shield            |    78 |    77 ||   155
